 Dungeon Crawl Stone Soup version 0.20.1-1-g8b1a95d (webtiles) character file.

116 myopia the Spear-Bearer (level 5, -3/38 HPs)
             Began as a Merfolk Gladiator on Jan 3, 2018.
             Was an Initiate of Okawaru.
             Killed from afar by an orc (4 damage)
             ... on level 3 of the Dungeon.
             The game lasted 00:05:17 (1573 turns).

myopia the Spear-Bearer (Merfolk Gladiator)         Turns: 1573, Time: 00:05:18

Health: -3/38      AC:  4    Str: 15    XL:     5   Next: 1%
Magic:  5/5        EV: 14    Int:  7    God:    Okawaru [......]
Gold:   93         SH:  0    Dex: 16    Spells: 4/4 levels left

rFire    . . .     SeeInvis +   a - +0 trident
rCold    . . .     Gourm    .   (no shield)
rNeg     . . .     Faith    .   b - +0 leather armour
rPois    .         Spirit   .   c - +0 helmet
rElec    .         Reflect  .   (no cloak)
rCorr    .         Harm     .   (no gloves)
MR       .....                  (no boots)
Stlth    +.........             e - amulet of magic regeneration
Regen    0.2/turn               u - ring of see invisible
MPRegen  0.2/turn               (no ring)

@: lethally poisoned (-3 -> -5)
A: change form in water, swift swim, stealthy swim
a: Renounce Religion


You were on level 3 of the Dungeon.
You worshipped Okawaru.
Okawaru was noncommittal.
You were not hungry.

You visited 1 branch of the dungeon, and saw 3 of its levels.

You collected 93 gold pieces.

Inventory:

Hand Weapons
 a - a +0 trident (weapon)
 t - a +0 hand axe of chopping
Missiles
 d - 5 throwing nets (quivered)
Armour
 b - a +0 leather armour (worn)
 c - a +0 helmet (worn)
 n - a +0 buckler
Jewellery
 e - an amulet of magic regeneration (around neck)
 u - a ring of see invisible (left hand)
Scrolls
 k - 2 scrolls of identify
 m - a scroll of amnesia {unknown}
 r - a scroll of teleportation
Potions
 h - a potion of heal wounds {unknown}
 i - a potion of ambrosia
 j - 3 potions of curing {unknown}
 l - a potion of might {unknown}
 p - a potion of flight {unknown}
 q - 2 potions of mutation {unknown}
 s - a potion of haste {unknown}
 w - a potion of lignification {unknown}
Comestibles
 f - 4 bread rations
 g - a meat ration
 o - a fruit
 v - 4 chunks of flesh


   Skills:
 - Level 2.1 Fighting
 + Level 8.0 Polearms
 - Level 2.0 Throwing
 - Level 4.0 Dodging


You had 4 spell levels left.
You didn't know any spells.

Dungeon Overview and Level Annotations

Branches:
Dungeon (3/15)

Altars:
Nemelex Xobeh
Okawaru


Message History

You closely miss the adder.
The adder is severely wounded.
The adder bites you but does no damage.
You hit the adder.
You kill the adder!
Okawaru accepts your kill.
Your Polearms skill increases to level 8!
You have reached level 5!
You feel stronger.
You feel sick.
The orc throws an exploding tomahawk.
The exploding tomahawk hits you.
* * * LOW HITPOINT WARNING * * *
The exploding tomahawk explodes!
The explosion of tomahawk fragments engulfs you!
* * * LOW HITPOINT WARNING * * *
The orc throws an exploding tomahawk.
The exploding tomahawk barely misses you.
The exploding tomahawk explodes!
The explosion of tomahawk fragments engulfs you!
You die...

###########
#<........#####
#########.....#
#.....# #.....#
######
###.#...##
#....#
#.......... #@#
#..........
#.###..........
#.#.....#......
#†#.....#......
#.#............
#.#....###.#...
#.o......# #..
#.#......#.#.
#.#..........


You could see an orc.

Vanquished Creatures
  6 adders
  2 oozes
  2 worms (D:2)
  An orc (D:2)
  A ball python (D:1)
  6 bats
  3 giant cockroaches
  7 hobgoblins
  4 kobolds
  A quokka (D:2)
  3 frilled lizards (D:2)
  10 goblins
  4 rats (D:1)
50 creatures vanquished.

Notes
Turn   | Place    | Note
-------+----------+-------------------------------------------
     0 | D:1      | myopia the Merfolk Gladiator began the quest for the Orb.
     0 | D:1      | Reached XP level 1. HP: 16/16 MP: 1/1
    58 | D:1      | Reached skill level 5 in Polearms
    58 | D:1      | Reached XP level 2. HP: 19/22 MP: 2/2
   350 | D:1      | Reached XP level 3. HP: 27/27 MP: 3/3
   361 | D:1      | Reached skill level 6 in Polearms
   766 | D:2      | Reached skill level 7 in Polearms
   766 | D:2      | Reached XP level 4. HP: 28/33 MP: 4/4
  1293 | D:2      | Found a sparkling altar of Nemelex Xobeh.
  1371 | D:2      | Found an iron altar of Okawaru.
  1379 | D:2      | Became a worshipper of Warmaster Okawaru
  1571 | D:3      | Reached skill level 8 in Polearms
  1571 | D:3      | Reached XP level 5. HP: 7/38 MP: 5/5
  1572 | D:3      | HP: 1/38 [orc (1)]
  1573 | D:3      | Killed from afar by an orc

Skill      XL: |  1  2  3  4 |
---------------+-------------+-----
Polearms       | 5 7 8 |  8.0
Fighting       | |  2.1
Throwing       | |  2.0
Dodging        | |  4.0

Action                   |  1- 3 |  4- 6 || total
-------------------------+-------+-------++-------
Melee: Trident           |    87 |    72 ||   159
  Use: Scroll            |       |     5 ||     5
 Stab: Sleeping          |     2 |     2 ||     4
  Eat: Chunk             |       |     2 ||     2
Armor: Leather armour    |    14 |    14 ||    28
Dodge: Dodged            |    57 |    34 ||    91
